 Dungeon Crawl Stone Soup version 0.29-a0-876-gfc89b1a5bd (webtiles) character file.

Game seed: 17492673306131939111

64 buhh the Chopper (level 4, -2/38 HPs)
             Began as a Meteoran Fighter on July 19, 2022.
             Slain by a scorpion (3 damage)
             ... on level 3 of the Dungeon.
             The game lasted 00:03:53 (953 turns).

buhh the Chopper (Meteoran Fighter)                  Turns: 953, Time: 00:03:53

Health: -2/38      AC: 16    Str: 19    XL:     4   Next: 58%
Magic:  5/5        EV:  9    Int: 15    God:
Gold:   89         SH:  0    Dex: 14    Spells: 3/3 levels left

rFire   . . .      SeeInvis .   a - +0 war axe
rCold   . . .      Faith    .   i - orb {light}
rNeg    . . .      Spirit   .   b - +0 scale mail
rPois   .          Reflect  .   o - +2 hat
rElec   .          Harm     .   g - +2 cloak
rCorr   .          Rampage  .   (no gloves)
Will    .....                   (no boots)
Stlth   ..........              (no amulet)
HPRegen 0.12/turn               e - +4 ring of protection
MPRegen 0.09/turn               j - +6 ring of intelligence

@: brilliant, lethally poisoned (-2 -> -6), glowing
A: sense surroundings 1, otherworldly, glowing, explore regen
a: no special abilities


You were on level 3 of the Dungeon.
You visited 1 branch of the dungeon, and saw 3 of its levels.

You collected 89 gold pieces.

Inventory:

Hand Weapons
 a - a +0 war axe (weapon)
Missiles
 s - 5 silver javelins (quivered)
Armour
 b - a +0 scale mail (worn)
 c - a +0 buckler
 g - a +2 cloak (worn)
 i - an orb of light (worn)
 o - a +2 hat (worn)
Jewellery
 e - a +4 ring of protection (left hand)
 j - a +6 ring of intelligence (right hand)
Wands
 D - a wand of paralysis (9)
Scrolls
 d - 2 scrolls of blinking {unknown}
 h - a scroll of immolation {unknown}
 k - 2 scrolls of teleportation {unknown}
 l - a scroll of identify {unknown}
 n - a scroll of vulnerability {unknown}
 p - a scroll of enchant armour {unknown}
 r - 3 scrolls of amnesia {unknown}
Potions
 f - a potion of flight {unknown}
 m - 2 potions of might
 q - 2 potions of heal wounds {unknown}
 t - a potion of brilliance {!d}
 u - a potion of curing {unknown}


   Skills:
 - Level 3.2 Fighting
 + Level 5.2 Axes
 - Level 3.6 Armour
 - Level 3.6 Shields


You had 3 spell levels left.
You didn't know any spells.
Your spell library was empty.

Dungeon Overview and Level Annotations

Branches:
Dungeon (3/15) Zot: 817

Altars:
Fedhas


Innate Abilities, Weirdness & Mutations

You passively map a small area around you.
You are easily found by Zot.
You glow in the dark.
You regain HP and MP as you explore.


Message History

You feel sick.
The scorpion stings you but does no damage. x2
You hit the scorpion.
The scorpion is heavily wounded.
You feel sick. The scorpion closely misses you.
You hit the scorpion but do no damage.
The scorpion is heavily wounded.
You feel sick.
The scorpion stings you but does no damage.
The scorpion stings you.
You are lethally poisoned!
The scorpion poisons you!
You hit the scorpion.
The scorpion is almost dead.
* * * LOW HITPOINT WARNING * * *
You feel very sick. The scorpion barely misses you.
You barely miss the scorpion.
The scorpion is almost dead.
* * * LOW HITPOINT WARNING * * *
You feel very sick.
The scorpion stings you but does no damage.
The scorpion stings you.
* * * LOW HITPOINT WARNING * * *
You hit the scorpion but do no damage.
The scorpion is almost dead.
* * * LOW HITPOINT WARNING * * *
You feel sick.
The scorpion stings you but does no damage.
It was a potion of brilliance.
You feel clever all of a sudden.
t - a potion of brilliance;
h - a scroll labelled HAUVAMIUN
* * * LOW HITPOINT WARNING * * *
You feel sick. The scorpion stings you.
* * * LOW HITPOINT WARNING * * *
You hit the scorpion but do no damage.
The scorpion is almost dead.
* * * LOW HITPOINT WARNING * * *
You feel sick. The scorpion stings you.
You die...

, ###.#.###.....##
* * #.#.# ##...## *
###.# ##'## , *, *
### #.# ..#####.#
#.......## #
..#####..########.#
###..........<..# *
* #.)@s.....#######
* #.###.##..# * *
.. ,..# ..# ## *
#.. .# *, *, #.##
.# ,, , *#s# .. **
** *


You could see a scorpion.

Vanquished Creatures
  Robin (D:2)
  2 dart slugs
  4 bats
  5 endoplasms
  11 goblins
  8 hobgoblins
  3 quokkas
  3 ball pythons
  2 kobolds
  2 rats (D:1)
41 creatures vanquished.

Vanquished Creatures (others)
  3 plants (D:3)
3 creatures vanquished.

Grand Total: 44 creatures vanquished

Notes
Turn   | Place    | Note
-------+----------+-------------------------------------------
     0 | D:1      | buhh the Meteoran Fighter began the quest for the Orb.
     0 | D:1      | Reached XP level 1. HP: 19/19 MP: 2/2
    98 | D:1      | Reached skill level 3 in Axes
    98 | D:1      | Reached XP level 2. HP: 26/26 MP: 3/3
   291 | D:1      | Reached XP level 3. HP: 31/31 MP: 4/4
   303 | D:1      | Reached skill level 4 in Axes
   737 | D:2      | Found a blossoming altar of Fedhas.
   778 | D:2      | Noticed Robin
   787 | D:2      | Reached XP level 4. HP: 35/38 MP: 5/5
   792 | D:2      | Killed Robin
   793 | D:2      | Reached skill level 5 in Axes
   939 | D:3      | Noticed a scorpion
   953 | D:3      | HP: 1/38 [poisoned by a scorpion]
   953 | D:3      | Slain by a scorpion

Illustrated notes

Levels and vault maps discovered:
D:1:      dpeg_arrival_rooms_a, layout_rooms, kennysheep_another_room
D:2:      layout_basic, basic_altar, nrook_loot_triangle,
          chequers_serial_rivers_large_a, nrook_campfire, uniq_jessica,
          uniq_robin
D:3:      minmay_general_purpose_star, layout_loops_corners,
          nicolae_ecumenical_lake_church, serial_forest,
          infiniplex_forest_end_3, infiniplex_forest_split,
          infiniplex_forest_clump_double, infiniplex_forest_lined_4_way,
          infiniplex_forest_straight_3, infiniplex_forest_lined_2,
          infiniplex_forest_lined_3

Skill      XL: |  1  2  3  4 |
---------------+-------------+-----
Axes           | 3 4 5 |  5.2
Fighting       | |  3.2
Armour         | |  3.6
Shields        | |  3.6

Action                   |  1- 3 |  4- 6 || total
-------------------------+-------+-------++-------
Melee: War axe           |    59 |    27 ||    86
Throw: Throwing net      |     1 |       ||     1
  Use: Potion            |       |     1 ||     1
Armor: Scale mail        |    42 |    27 ||    69
Dodge: Dodged            |    23 |     8 ||    31
Block: Buckler           |     5 |       ||     5

Table legend: (Time is in decaauts)
 A = Elapsed time spent in this place.
 B = Non-inter-level travel time spent in this place.
 C = Inter-level travel time spent in this place.
 D = Time resting spent in this place.
 E = Time spent auto-exploring this place.
 F = Levels seen in this place.
 G = Mean time per level.
                   A        B        C        D        E       F      G
               +--------+--------+--------+--------+--------+-----+--------+
         Total |    981 |    950 |     31 |      0 |     25 |   3 |  327.0 |
       Dungeon |    981 |    950 |     31 |      0 |     25 |   3 |  327.0 |
               +--------+--------+--------+--------+--------+-----+--------+

Top non-repeatable levels by time:
     D:2: 545 daAuts
     D:1: 340 daAuts
     D:3: 95 daAuts
